 Dungeon Crawl Stone Soup version 0.31.0-11-ge490571c62 (webtiles) character file.

Game seed: 5330520032597330711

4 qw the Shooter (level 1, 0/12 HPs)
             Began as a Deep Elf Hunter on Feb 4, 2024.
             Succumbed to their own poison gas
             ... on level 1 of the Dungeon.
             The game lasted 00:00:02 (395 turns).

qw the Shooter (Deep Elf Hunter)                     Turns: 395, Time: 00:00:02

Health: 0/12       AC:  7    Str:  8    XL:     1   Next: 58%
Magic:  3/3        EV: 10    Int: 13    God:
Gold:   75         SH:  0    Dex: 18    Spells: 0/0 levels left

rFire   . . .        h - +0 orcbow
rCold   . . .        (shield currently unavailable)
rNeg    . . .        a - +0 ring mail
rPois   .            (no helmet)
rElec   .            (no cloak)
rCorr   .            f - +1 pair of gloves
SInv    .            (no boots)
Will    .....        (no amulet)
Stlth   +            (no ring)
HPRegen 0.22/turn    (no ring)
MPRegen 0.08/turn

%: no passive effects
@: lethally poisoned (0 -> -7), attractive
A: no striking features
a: no special abilities


You were on level 1 of the Dungeon.
You visited 1 branch of the dungeon, and saw 1 of its levels.

You collected 75 gold pieces.


   Skills:
 - Level 1.5 Fighting
 + Level 5.7 Ranged Weapons
 - Level 2.4 Dodging
 - Level 1.2 Stealth


You couldn't memorise any spells.
You didn't know any spells.
Your spell library was empty.

Inventory:

Hand Weapons
 h - a +0 orcbow (weapon)
Armour
 a - a +0 ring mail (worn)
 f - a +1 pair of gloves (worn)
Scrolls
 i - a scroll of teleportation
Potions
 d - a potion of lignification {unknown}

Dungeon Overview and Level Annotations

Branches:
Dungeon (1/15)

Altars:

Shops:
D:1 =


Message History

Done exploring.
386 ||| READING 2 scrolls labelled JUBBICREMIDGH.
As you read the scroll labelled JUBBICREMIDGH, it crumbles to dust.
You feel strangely unstable.
It was a scroll of teleportation.
You start waiting.
Your surroundings suddenly seem different.
Done exploring.
389 ||| READING scroll labelled ZEUHEPT VAKLE.
The air fills with toxic fumes!
As you read the scroll labelled ZEUHEPT VAKLE, it crumbles to dust.
It was a scroll of poison.
Done exploring.
390 ||| DRINKING 2 murky coppery potions.
It was a potion of attraction.
You feel attractive to monsters.
Done exploring.
391 ||| DROPPING scroll of butterflies.
You drop a scroll of butterflies.
Done exploring.
392 ||| DROPPING potion of attraction.
You drop a potion of attraction.
Done exploring.
What level of the Dungeon? (default 1, ? - help) Sorry, I don't know how to get there.
Enter note:
Enter note:
Enter note:
Enter note:
Enter note:
Enter note:
Enter note:
Enter note:
Enter note: You are engulfed in poison gas.
You are lethally poisoned!
You feel very sick.
394 ||| Stepping ~*~*~tactically~*~*~ (cloud).
You feel very sick.
Things that are here:
a potion of attraction; a scroll of butterflies
There is a lethal amount of poison in your body!
You die...

#................#.###
##### #..................#
# ##.....#...0¤¤¤¤0¤.# ####
##....#...¤¤¤¤¤¤0.#### #...
####.)###0¤¤¤¤¤¤....###.##
##..##00¤¤¤¤0........#.
#######.##0¤¤¤¤............
#...# #¤##¤0¤#¤¤¤........#.
#...# #¤¤0@¤¤¤¤¤¤..>.....#.
#...# ###¤¤00#.............
#...# #0###¤¤¤...........
#...## #¤>.....¤.......##.
#....## ###.............##.
#.....# #.#..............
#...#.# ##.##.............
#..(#.####..####.##...#.#..
###......#.## #..#..##.#.#


There were no monsters in sight!

Vanquished Creatures
  A bat (D:1)
  An endoplasm (D:1)
  2 kobolds (D:1)
  A rat (D:1)
5 creatures vanquished.

Notes
Turn   | Place    | Note
-------+----------+-------------------------------------------
     0 | D:1      | qw the Deep Elf Hunter began the quest for the Orb.
     0 | D:1      | Reached XP level 1. HP: 12/12 MP: 3/3
     0 | D:1      | 0 ||| qw: Version: 0.3-a-160-g6735b56
     0 | D:1      | 0 ||| qw: Game counter: 5441
     0 | D:1      | 0 ||| qw: Melee chars always use a shield: true
     0 | D:1      | 0 ||| qw: God list: Okawaru
     0 | D:1      | 0 ||| qw: Allow faded altars: false
     0 | D:1      | 0 ||| qw: Do Orc after clearing Dungeon:15 true
     0 | D:1      | 0 ||| qw: Do second Lair branch before Depths: true
     0 | D:1      | 0 ||| qw: Lair rune preference: random
     0 | D:1      | 0 ||| qw: Goals: Normal
     0 | D:1      | 0 ||| PLANNING D:1-11
    85 | D:1      | 85 ||| SWAPPING to +0 orcbow.
    86 | D:1      | 86 ||| DROPPING +0 shortbow.
   138 | D:1      | Found Doekurr Kaed's Jewellery Shoppe.
   150 | D:1      | 150 ||| SHOPLISTING +5 ring of evasion (432 gold, have 54).
   150 | D:1      | 150 ||| SHOPLISTING amulet of faith (480 gold, have 54).
   150 | D:1      | 150 ||| SHOPLISTING ring of fire (300 gold, have 54).
   150 | D:1      | 150 ||| SHOPLISTING ring of ice (300 gold, have 54).
   150 | D:1      | 150 ||| SHOPLISTING ring of positive energy (240 gold, have
                  | 54).
   150 | D:1      | 150 ||| SHOPLISTING ring of resist corrosion (240 gold,
                  | have 54).
   368 | D:1      | 368 ||| UPGRADING to +0 ring mail.
   378 | D:1      | 378 ||| DROPPING +0 leather armour.
   379 | D:1      | 379 ||| UPGRADING to +0 pair of gloves.
   384 | D:1      | 384 ||| DROPPING amulet of magic regeneration.
   385 | D:1      | 385 ||| READING scroll labelled PEBILA JABIGUNG.
   385 | D:1      | 385 ||| ENCHANTING +0 pair of gloves.
   386 | D:1      | 386 ||| READING 2 scrolls labelled JUBBICREMIDGH.
   389 | D:1      | 389 ||| READING scroll labelled ZEUHEPT VAKLE.
   390 | D:1      | 390 ||| DRINKING 2 murky coppery potions.
   391 | D:1      | 391 ||| DROPPING scroll of butterflies.
   392 | D:1      | 392 ||| DROPPING potion of attraction.
   394 | D:1      | 394 ||| Stepping ~*~*~tactically~*~*~ (cloud).
   394 | D:1      | HP: 2/12 [poisoned by you (poison gas)]
   395 | D:1      | Succumbed to their own poison gas

Levels and vault maps discovered:
D:1:      psy_arrival_whirlpool, layout_rooms, serial_shops, shop

Action                     || total
---------------------------++-------
   Fire: Orcbow            ||     5
         Shortbow          ||     2
    Use: Scroll            ||     3
         Potion            ||     1
  Dodge: Dodged            ||     1

Table legend:
 A = Non-vault XP
 B = Vault XP
 C = Vault XP percentage of total XP
 D = Non-vault monster count
 E = Vault monster count
 F = Vault count percentage of total count
                 A         B        C        D         E       F
            +---------+---------+-------+---------+---------+-------
      Total |       7 |       0 |   0.0 |       5 |       0 |   0.0
            +---------+---------+-------+---------+---------+-------
        D:1 |       7 |       0 |   0.0 |       5 |       0 |   0.0
            +---------+---------+-------+---------+---------+-------
